 Dungeon Crawl Stone Soup version 0.19-a0-160-gd53b84c (webtiles) character file.

21978 Kidiri the Thaumaturge (level 12, -15/80 HPs)
             Began as a High Elf Fire Elementalist on May 21, 2016.
             Was an Elder of Vehumet.
             Killed from afar by a lindwurm (20 damage)
             ... with a blast of flame
             ... summoned by Kirke
             ... on level 6 of the Lair of Beasts.
             The game lasted 00:54:13 (18838 turns).

Kidiri the Thaumaturge (HEFE)                      Turns: 18838, Time: 00:54:14

Health: -15/80     AC: 11    Str:  7    XL:     12   Next: 59%
Magic:  19/27      EV: 22    Int: 30    God:    Vehumet [****..]
Gold:   547        SH:  0    Dex: 21    Spells: 10 memorised, 2 levels left

rFire  + . .     SeeInvis .     C - +0 morningstar of Kohuk {drain, Int+6 Dex+2}
rCold  x . .     Gourm    .     a - +1 robe
rNeg   . . .     Faith    .     (no shield)
rPois  .         Spirit   .     (no helmet)
rElec  .         Dismiss  +     j - +1 cloak
rCorr  .         Reflect  .     p - +1 pair of gloves
SustAt .         Harm     .     A - +2 pair of boots {Stlth+}
MR     +....                    u - amulet "Surim" {Dismiss Dex+2}
Stlth  ++++......               B - ring of fire
                                o - ring of wizardry

@: about to teleport, very slightly contaminated, slowed, very slow, somewhat
resistant to hostile enchantments, stealthy
A: no striking features
a: Renounce Religion


You were on level 6 of the Lair of Beasts.
You worshipped Vehumet.
Vehumet was greatly pleased with you.
You were not hungry.

You visited 3 branches of the dungeon, and saw 15 of its levels.
You also visited: Labyrinth.

You collected 866 gold pieces.
You spent 319 gold pieces at shops.

Inventory:

Hand Weapons
 C - the +0 morningstar of Kohuk (weapon) {drain, Int+6 Dex+2}
   (You took it off a minotaur in a labyrinth)

   A truly terrible weapon, it drains the life of those it strikes.
   It affects your intelligence (+6).
   It affects your dexterity (+2).
Missiles
 d - 3 throwing nets (quivered)
Armour
 a - a +1 robe (worn)
 j - a +1 cloak (worn)
 p - a +1 pair of gloves (worn)
 A - a +2 pair of boots of stealth (worn)
Jewellery
 b - an uncursed ring of flight
 f - an uncursed amulet of regeneration
 o - a ring of wizardry (left hand)
 u - the amulet "Surim" (around neck) {Dismiss Dex+2}
   (You found it on level 5 of the Dungeon)

   [amulet of dismissal]

   It may teleport away creatures that harm you.
   It affects your dexterity (+2).
 y - an uncursed ring of magical power
 B - a ring of fire (right hand)
 S - an uncursed ring of see invisible
Wands
 k - a wand of teleportation (5/9)
 F - a wand of teleportation (3/9)
Scrolls
 i - a scroll of summoning
 r - a scroll of magic mapping
 w - a scroll of fear
 H - 3 scrolls of amnesia
 I - 2 scrolls of recharging
 J - 6 scrolls of remove curse
 K - 4 scrolls of teleportation
 M - a scroll of immolation
 P - 2 scrolls of fog
 W - a scroll of brand weapon {unknown}
Potions
 g - a potion of invisibility
 h - 2 potions of flight
 n - a potion of curing
 q - a potion of cancellation
 t - a potion of resistance
 v - 2 potions of haste
 G - a potion of berserk rage
 V - 3 potions of agility
Comestibles
 c - 5 bread rations
 l - 5 chunks of flesh
 m - 6 meat rations


   Skills:
 + Level 6.4 Fighting
 + Level 5.9 Armour
 * Level 10.4 Dodging
 - Level 2.1 Stealth
 * Level 10.8 Spellcasting
 + Level 7.6 Conjurations
 + Level 6.6 Hexes
 + Level 2.5 Transmutations
 + Level 7.2 Fire Magic
 + Level 4.1 Air Magic
 + Level 4.6 Earth Magic


You had 2 spell levels left.
You knew the following spells:

 Your Spells              Type           Power        Failure   Level  Hunger
a - Flame Tongue          Conj/Fire      #####        1%          1    None
b - Throw Flame           Conj/Fire      ######       1%          2    None
c - Conjure Flame         Conj/Fire      ######..     1%          3    None
d - Inner Flame           Hex/Fire       ######..     1%          3    None
e - Sticky Flame          Conj/Fire      ######..     1%          4    None
f - Fireball              Conj/Fire      ######....   1%          5    ###....
g - Sandblast             Erth           #####.       1%          1    None
h - Searing Ray           Conj           ######       1%          2    None
i - Airstrike             Air            #####.....   1%          4    None
j - Irradiate             Conj/Trmt      #####.....   1%          5    ###....


Dungeon Overview and Level Annotations

Branches:
Dungeon (8/15)             Temple (1/1) D:4            Lair (6/8) D:8
 Spider (0/4) Lair:5
  Swamp: Lair:3-6    Shoals: Lair:3-6     Slime: Lair:6-8

Altars:
Ashenzari
Cheibriados
Dithmenos
Elyvilon
Fedhas
Kikubaaqudgha
Makhleb
Nemelex Xobeh
Okawaru
Pakellas
Qazlal
Ru
Sif Muna
Trog
Vehumet
Xom
Yredelemnul
Zin
The Shining One

Shops:
D:4 =   D:5 (   D:6 }(   D:8 *

Annotations:
Lair:4 wvc's ghost, journeyman DsGl
Lair:6 Kirke; Maud


Message History

As you read the scroll of teleportation, it crumbles to dust.
You feel strangely unstable.
Maud shouts!
The water moccasin hisses angrily.
Kirke burns! x2; The water moccasin closely misses you.
The harpy closely misses you. x2
Unknown command.
Drink which item? (? for menu, Esc to quit)
Okay, then.
Unknown command.
Evoke which item? (* to show all) (? for menu, Esc to quit)
Zapping:
k - a wand of teleportation (will waste charges)
Press: ? - help, Shift-Dir - straight line, f - Maud
Aim: Maud, wielding an enchanted double sword and wearing a glowing plate armour (chance to defeat MR: 9%)
Okay, then.
Unknown command.
Unknown command.
Kirke burns!
The harpy misses you. The harpy completely misses you.
The lindwurm breathes flames at you. The blast of flame hits you! You resist.
You die...

.####.###
..#.P...#. #
..........
..#####...$.....
....PP..S.......
#..t...........P
#.....@........
#....#.S.......
#.....H@.......
#..............
###....h##.#.....
#.P..... ..#....
#....h## k.#...#
#P..@.# ..#hh..
#...hh####...#...
#.#...#P........
.#..hh..$...##


You could see Maud, Kirke (burning), a lindwurm, a harpy, 3 hogs, 2 water
moccasins and a crocodile.

Vanquished Creatures
  A minotaur (Lab)
  Harold (Lair:3)
  5 hydras
  4 death yaks
  Pikel (D:4)
  An orb spider (Lair:5)
  A black mamba (Lair:5)
  9 spiny frogs
  2 komodo dragons
  Grinder (D:5)
  3 blink frogs (Lair:2)
  A shadow (Lab)
  A basilisk (Lair:2)
  17 yaks
  9 hippogriffs
  4 hungry ghosts (Lab)
  6 water moccasins
  6 porcupines
  2 orc warriors
  A black bear (D:8)
  A centaur (D:6)
  4 ogres
  8 crocodiles
  A big kobold (D:8)
  Blork the orc (D:5)
  7 giant frogs
  2 scorpions
  A killer bee (D:7)
  2 howler monkeys (D:7)
  2 crimson imps
  A giant frog zombie (D:8)
  4 hounds
  Crazy Yiuf (D:3)
  3 orc priests
  A giant frog skeleton (D:8)
  3 jellies
  Terence (D:2)
  10 iguanas
  6 worker ants
  5 orc wizards
  25 sheep
  8 adders
  28 river rats (Lair:2)
  A shadow imp (D:6)
  An adder skeleton (D:6)
  2 worms
  2 dart slugs
  6 giant geckos
  23 orcs
  2 ball pythons
  4 giant cockroaches
  4 goblins
  6 hobgoblins
  6 jackals
  2 quokkas
  4 bats
  A giant cockroach zombie (D:5)
  A giant newt (D:3)
  15 kobolds
  A quokka skeleton (D:4)
  11 rats
  A bush (Lair:2)
294 creatures vanquished.

Vanquished Creatures (others)
  An adder (D:4)
  4 fungi
  2 plants
7 creatures vanquished.

Grand Total: 301 creatures vanquished

Notes
Turn   | Place    | Note
--------------------------------------------------------------
     0 | D:1      | Kidiri the High Elf Fire Elementalist began the quest for the Orb.
     0 | D:1      | Reached XP level 1. HP: 11/11 MP: 4/4
   338 | D:1      | Reached XP level 2. HP: 17/17 MP: 3/6
   344 | D:1      | Learned a level 2 spell: Throw Flame
  1263 | D:2      | Found a shimmering altar of Xom.
  1337 | D:2      | Reached XP level 3. HP: 21/22 MP: 2/8
  1345 | D:2      | Learned a level 3 spell: Inner Flame
  1602 | D:2      | Found a snail-covered altar of Cheibriados.
  1609 | D:2      | Noticed Terence
  2252 | D:3      | Reached skill level 1 in Fighting
  2656 | D:3      | Reached XP level 4. HP: 28/28 MP: 4/9
  2696 | D:3      | Learned a level 3 spell: Conjure Flame
  2874 | D:2      | Killed Terence
  3038 | D:3      | Noticed Crazy Yiuf
  3085 | D:3      | Gained mutation: Your magical capacity is low (-10% MP). [potion of mutation]
  3085 | D:3      | Gained mutation: You are clumsy. (Dex -2) [potion of mutation]
  3085 | D:3      | Gained mutation: Your magical capacity is very low (-20% MP). [potion of mutation]
  3093 | D:3      | Killed Crazy Yiuf
  3501 | D:4      | Reached skill level 1 in Armour
  3501 | D:4      | Reached XP level 5. HP: 26/33 MP: 0/9
  3599 | D:4      | Noticed an ogre
  3612 | D:4      | Killed an ogre
  3612 | D:4      | Reached skill level 1 in Hexes
  3685 | D:4      | Found Eppoifah's Jewellery Shoppe.
  3748 | D:4      | Noticed Pikel
  3748 | D:4      | Noticed a slave
  3748 | D:4      | Noticed a slave
  3748 | D:4      | Noticed a slave
  3749 | D:4      | Noticed a slave
  3778 | D:4      | Killed Pikel
  3778 | D:4      | Reached XP level 6. HP: 38/41 MP: 1/11
  3778 | D:4      | Reached XP level 7. HP: 42/45 MP: 1/12
  3784 | D:4      | Learned a level 4 spell: Sticky Flame
  4004 | D:4      | Found a shadowy altar of Dithmenos.
  4157 | D:4      | Found a staircase to the Ecumenical Temple.
  4176 | Temple   | Entered the Ecumenical Temple
  4427 | Temple   | Became a worshipper of Vehumet
  4558 | D:4      | Gained mutation: Your spells are a little easier to cast, but a little less powerful. [potion of mutation]
  4558 | D:4      | Lost mutation: Your magical capacity is very low (-20% MP). [potion of mutation]
  5185 | D:5      | Entered Level 5 of the Dungeon
  5347 | D:5      | Reached skill level 5 in Spellcasting
  5563 | D:5      | Noticed Grinder
  5583 | D:5      | Paralysed by Grinder for 4 turns
  5594 | D:5      | Killed Grinder
  5594 | D:5      | Reached skill level 5 in Dodging
  5594 | D:5      | Reached XP level 8. HP: 42/51 MP: 0/15
  5814 | D:5      | Found Begoif's Weapon Shoppe.
  5864 | D:5      | Got a flickering iron amulet
  5866 | D:5      | Identified the amulet "Surim" {Dismiss Dex+2} (You found it on level 5 of the Dungeon)
  5906 | D:5      | Noticed Blork the orc
  5917 | D:5      | Killed Blork the orc
  6024 | D:5      | Learned a level 5 spell: Fireball
  6041 | D:5      | Found a deep blue altar of Sif Muna.
  6463 | D:6      | Found Pyxuch's Antique Weapon Emporium.
  6690 | D:6      | Found a deep blue altar of Sif Muna.
  7059 | D:6      | Reached * piety under Vehumet
  7059 | D:6      | Offered knowledge of Sandblast by Vehumet.
  7062 | D:6      | Learned a level 1 spell: Sandblast
  7186 | D:6      | Found Cavvufal's Quality Used Wands.
  8013 | D:7      | Reached XP level 9. HP: 57/57 MP: 11/18
  8224 | D:7      | Reached skill level 1 in Earth Magic
  8239 | D:7      | Reached skill level 5 in Fire Magic
  8503 | D:7      | Found a shattered altar of Ashenzari.
  8585 | D:7      | Found a burning altar of Makhleb.
  8585 | D:7      | Noticed a balrug
  8588 | D:7      | Noticed a hellwing
  9196 | D:8      | Found Utivuy's Assorted Antiques.
  9207 | D:8      | Bought a knobbly bronze ring for 110 gold pieces
  9207 | D:8      | Bought a pair of glowing boots for 99 gold pieces
  9207 | D:8      | Bought an opal ring for 110 gold pieces
  9274 | D:8      | Reached ** piety under Vehumet
  9429 | D:8      | Found a staircase to the Lair.
  9474 | D:8      | Offered knowledge of Searing Ray by Vehumet.
  9603 | D:8      | Found an ancient bone altar of Kikubaaqudgha.
  9605 | D:8      | Found a sparkling altar of Nemelex Xobeh.
  9609 | D:8      | Learned a level 2 spell: Searing Ray
 10146 | Lair:1   | Entered Level 1 of the Lair of Beasts
 10168 | Lair:1   | Lost mutation: Your magical capacity is low (-10% MP). [potion of cure mutation]
 10168 | Lair:1   | Lost mutation: You are clumsy. (Dex -2) [potion of cure mutation]
 10168 | Lair:1   | Lost mutation: Your spells are a little easier to cast, but a little less powerful. [potion of cure mutation]
 10176 | Lair:1   | Found a labyrinth entrance.
 10177 | Lair:1   | Noticed a spiny frog
 10200 | D:8      | Killed a spiny frog
 10208 | D:8      | Reached skill level 5 in Conjurations
 10518 | Lair:1   | Reached XP level 10. HP: 27/65 MP: 23/23
 10532 | Lab      | Entered a labyrinth
 11137 | Lab      | Found an exit through the horrors of the Abyss.
 11238 | Lab      | Noticed a minotaur
 11320 | Lab      | Got a crude chain mail
 11320 | Lab      | Got a faintly glowing ice dragon armour
 11406 | Lab      | Killed a minotaur
 11408 | Lab      | Got a faintly glowing granite ring
 11409 | Lab      | Got a pitted morningstar {drain}
 11417 | Lair:1   | Identified the ring "Koelif" {*Tele rN+ Str-3 Dex+3} (You took it off a minotaur in a labyrinth)
 11422 | Lair:1   | Identified the cursed +0 morningstar of Kohuk {drain, Int+6 Dex+2} (You took it off a minotaur in a labyrinth)
 11433 | Lair:1   | Identified the +7 chain mail "Vaorchyr" {rC+ rN++} (You found it in a labyrinth)
 11443 | Lair:1   | Identified the cursed +0 ice dragon armour of the Tired Orbs {*Corrode rElec rF- rC++ Regen+ Str+7} (You found it in a labyrinth)
 11846 | Lair:1   | Identified a scroll of acquirement
 11981 | Lair:1   | Noticed a five-headed hydra
 12020 | Lair:1   | Killed a five-headed hydra
 12020 | Lair:1   | Reached skill level 5 in Fighting
 12020 | Lair:1   | Reached skill level 5 in Hexes
 12603 | Lair:2   | Offered knowledge of Static Discharge by Vehumet.
 12613 | Lair:2   | Learned a level 3 spell: Static Discharge
 12658 | Lair:2   | Noticed a spiny frog
 12663 | Lair:2   | Killed a spiny frog
 12723 | Lair:2   | Reached *** piety under Vehumet
 12766 | Lair:2   | Noticed a spiny frog
 12773 | Lair:2   | Killed a spiny frog
 12773 | Lair:2   | Reached XP level 11. HP: 58/72 MP: 18/25
 12902 | Lair:2   | Reached skill level 1 in Air Magic
 12975 | Lair:2   | Offered knowledge of Airstrike by Vehumet.
 13000 | Lair:2   | Reached **** piety under Vehumet
 13066 | Lair:2   | Reached skill level 5 in Armour
 13089 | Lair:2   | Noticed a death yak
 13089 | Lair:2   | Noticed a death yak
 13093 | Lair:2   | Noticed a death yak
 13098 | Lair:2   | Noticed a death yak
 13464 | Lair:1   | Learned a level 4 spell: Airstrike
 13479 | Lair:1   | Killed a death yak
 13962 | Lair:2   | Killed a death yak
 13968 | Lair:2   | Killed a death yak
 13972 | Lair:2   | Killed a death yak
 14340 | Lair:2   | Noticed a five-headed hydra
 14348 | Lair:2   | Killed a five-headed hydra
 14348 | Lair:2   | Offered knowledge of Irradiate by Vehumet.
 14404 | Lair:2   | Reached skill level 10 in Spellcasting
 14571 | Lair:3   | Noticed Harold
 14750 | Lair:3   | Killed Harold
 14975 | Lair:3   | Reached XP level 12. HP: 72/79 MP: 27/27
 14982 | Lair:3   | Learned a level 5 spell: Irradiate
 15164 | Lair:3   | Reached skill level 10 in Dodging
 15729 | Lair:4   | Reached skill level 1 in Transmutations
 15809 | Lair:4   | Noticed a six-headed hydra
 15816 | Lair:4   | Killed a six-headed hydra
 16089 | Lair:4   | Noticed wvc's ghost (journeyman DsGl)
 16545 | Lair:3   | HP: 3/79 [poisoned by wvc's ghost]
 16552 | Lair:3   | HP: 3/79 [poisoned by wvc's ghost]
 16562 | Lair:3   | HP: 2/79 [poisoned by wvc's ghost]
 16568 | Lair:3   | HP: 2/79 [poisoned by wvc's ghost]
 16574 | Lair:3   | HP: 2/79 [poisoned by wvc's ghost]
 17050 | Lair:4   | Noticed a six-headed hydra
 17064 | Lair:4   | Killed a six-headed hydra
 17781 | Lair:5   | Noticed an eight-headed hydra
 17793 | Lair:5   | Killed an eight-headed hydra
 17943 | Lair:5   | Found a hole to the Spider Nest.
 18804 | Lair:6   | Noticed a death yak
 18815 | Lair:6   | Noticed a death yak
 18815 | Lair:6   | Noticed Kirke
 18816 | Lair:6   | Noticed a death yak
 18835 | Lair:6   | HP: 4/80 [hog[Kirke] (5)]
 18836 | Lair:6   | Noticed Maud
 18838 | Lair:6   | Killed from afar by a lindwurm

Vault maps used:
D:1:      lightli_arrival_quake
D:2:      old_standard_altar, nicolae_overflow_crystal_walls, first_bread,
          uniq_terence
D:3:      uniq_crazy_yiuf_cottage
D:4:      lemuel_crystal_altar, minmay_temple_entry_statues_pillars,
          serial_shops, shop, grunt_decor_one_mirror, uniq_pikel
D:5:      serial_shops, shop, tgw_sif, uniq_grinder
D:6:      kennysheep_mini_moat, serial_shops, nicolae_shop_stone,
          nicolae_for_you_no_charge
D:7:      marbit_many_paths, makhleb_altar_promises_db
D:8:      nicolae_overflow_hidden_temple, lair_0_dummy, serial_shops,
          kennysheep_mini
Temple:   oiseaux_autumnal_temple_12
Lair:1:   lab_entry_generic, st_stairs_4
Lair:2:   nicolae_volcano_entry_hallway, grunt_megastairs_1,
          infiniplex_staircase_pool, lemuel_fruit_tree
Lair:3:   grunt_megastairs_3, serial_bayou_shore_b, uniq_harold
Lair:5:   nicolae_spider_entry_orb_guardian
Lair:6:   minmay_shoals_entry_centaurs, grunt_megastairs_4, uniq_rupert,
          uniq_maud, uniq_kirke
Lab:      labyrinth_mini_lab, labyrinth_lava_lair, nicolae_lab_arrow,
          nicolae_lab_grate_2, nicolae_lab_checkerboard, nicolae_lab_starburst,
          labyrinth_fake_exit, nicolae_lab_very_dead_end, lab_block,
          nicolae_lab_x, nicolae_lab_lava, nicolae_lab_plus,
          labyrinth_skeletal_remains, nicolae_lab_diamond, nicolae_lab_grate

Skill      XL: |  1  2  3  4  5  6  7  8  9 10 11 12 |
---------------+-------------------------------------+-----
Spellcasting   | 3 4 5 6 8 9 10 | 10.8
Fighting       | 1 2 3 4 5 6 |  6.4
Dodging        | 3 4 5 6 7 8 9 10 | 10.4
Armour         | 1 2 3 4 5 |  5.9
Conjurations   | 2 3 4 5 6 7 |  7.6
Hexes          | 2 3 4 5 6 |  6.6
Fire Magic     | 4 5 6 7 |  7.2
Earth Magic    | 2 3 4 |  4.6
Air Magic      | 3 4 |  4.1
Transmutations | 2 |  2.5
Stealth        | |  2.1

Action                   |  1- 3 |  4- 6 |  7- 9 | 10-12 || total
-------------------------+-------+-------+-------+-------++-------
Melee: Dagger            |    18 |    13 |       |       ||    31
       Unarmed           |       |     2 |       |       ||     2
       Mace              |       |     4 |    58 |       ||    62
       Morningstar       |       |       |       |   218 ||   218
Throw: Throwing net      |       |       |       |     1 ||     1
 Cast: Flame Tongue      |    58 |    34 |   177 |   259 ||   528
       Throw Flame       |    23 |     3 |    69 |    64 ||   159
       Conjure Flame     |       |     4 |     3 |    18 ||    25
       Sticky Flame      |       |       |    15 |    44 ||    59
       Inner Flame       |       |       |     1 |       ||     1
       Fireball          |       |       |       |    10 ||    10
Evoke: Wand              |       |     4 |       |       ||     4
  Use: Scroll            |     3 |       |    18 |    10 ||    31
       Potion            |       |     6 |     5 |    12 ||    23
 Stab: Sleeping          |     2 |       |       |     4 ||     6
       Held in net/web   |       |       |       |     1 ||     1
       Invisible         |       |       |       |     3 ||     3
  Eat: Chunk             |     2 |     3 |     6 |    12 ||    23
       Fruit             |     4 |       |     2 |    11 ||    17
       Royal jelly       |     1 |       |       |       ||     1
       Beef jerky        |       |       |     1 |       ||     1
       Meat ration       |       |       |     3 |     1 ||     4
       Pizza             |       |       |       |     3 ||     3
Armor: Robe              |     5 |     7 |    42 |    88 ||   142
Dodge: Dodged            |    19 |    19 |   126 |   430 ||   594
